[Event "Titled Tuesday Blitz April 12 Late 2022"]
[White "Sailer, Mike"]
[Black "Hoffmann, Asa"]
[WhiteFideId "2012901"]
[BlackFideId "2001470"]
[WhiteElo "2109"]
[BlackElo "2117"]
[Result "1-0"]
[Round "04"]
[TimeControl "180+1"]
[Date "2022.04.13"]
[WhiteClock "0:00:09"]
[BlackClock "0:00:29"]

1. d4 Nf6 2. Nf3 d6 3. Bf4 Bg4 4. e3 Nbd7 5. Be2 c6 6. O-O Nh5 7. Bg5 h6 8. Bh4 g5 9. Nfd2 Bxe2 10. Qxe2 Ng7 11. Bg3 Nf5 12. c4 Bg7 13. Nc3 h5 14. f3 Nxg3 15. hxg3 e5 16. dxe5 dxe5 17. Rad1 Qe7 18. Nde4 O-O-O 19. Nd6+ Kb8 20. Nf5 Qf6 21. Nxg7 Qxg7 22. b4 f5 23. b5 c5 24. Rd5 e4 25. Na4 Nb6 26. Rxd8+ Rxd8 27. Nxc5 Rc8 28. Ne6 Qe7 29. c5 Qxe6 30. cxb6 Qxb6 31. fxe4 fxe4 32. Rf5 Rg8 33. Qd2 Qe6 34. Rd5 Rc8 35. Rd8 Qe7 36. Rxc8+ Kxc8 37. Qd5 Kc7 38. a4 Kb6 39. Qd4+ Ka5 40. Qxa7+ Kb4 41. Qd4+ Ka5 42. Qa7+ Kb4 43. Qd4+ Kb3 44. a5 Qa3 45. Qd5+ Kc3 46. Qd4+ Kb3 47. Qd5+ Kb2 48. Qxb7 Qxa5 49. b6 Qe1+ 50. Kh2 h4 51. Qxe4 Qxg3+ 52. Kg1 Qe1+ 53. Kh2 Qg3+ 54. Kh1 h3 55. Qd4+ Kc2 56. Qc4+ Kd2 57. Qd4+ Ke2 58. Qc4+ Kxe3 59. Qc3+ Kf2 60. Qxg3+ Kxg3 61. gxh3 Kxh3 62. b7 g4 63. b8=Q g3 64. Kg1 g2 65. Qh8+ Kg3 66. Qg8+ 1-0


[Site "https://www.chess.com"]

[Event "Titled Tuesday Blitz April 12 Late 2022"]
[White "Sanchez, Robert"]
[Black "Wieczorek, Oskar"]
[WhiteFideId "2034360"]
[BlackFideId "1133950"]
[WhiteElo "2389"]
[BlackElo "2319"]
[Result "0-1"]
[Round "04"]
[TimeControl "180+1"]
[Date "2022.04.13"]
[WhiteClock "0:01:01"]
[BlackClock "0:00:53"]

1. e4 c5 2. Nf3 d6 3. d4 cxd4 4. Nxd4 Nf6 5. Nc3 Nc6 6. f3 e5 7. Nb3 Be7 8. Be3 O-O 9. Qd2 a5 10. a4 Nb4 11. O-O-O Be6 12. Kb1 d5 13. exd5 Nfxd5 14. Nxd5 Bxd5 15. Bb5 Qc8 16. Rc1 Rd8 17. Qf2 Qf5 18. Nc5 Rac8 19. Ne4 Bxe4 20. fxe4 Qxe4 21. Bb6 Qd5 22. b3 Rxc2 23. Rxc2 Qxb3+ 24. Rb2 Rd1+ 0-1


[Site "https://www.chess.com"]

[Event "Titled Tuesday Blitz April 12 Late 2022"]
[White "Santos Ruiz, Miguel"]
[Black "Martinez Alcantara, Jose Eduardo"]
[WhiteFideId "22291482"]
[BlackFideId "3805662"]
[WhiteElo "2486"]
[BlackElo "2690"]
[Result "1-0"]
[Round "04"]
[TimeControl "180+1"]
[Date "2022.04.12"]
[WhiteClock "0:00:22"]
[BlackClock "0:00:10"]

1. e4 c5 2. Nf3 d6 3. d4 cxd4 4. Nxd4 Nf6 5. Nc3 Nc6 6. Bc4 Qb6 7. Nxc6 bxc6 8. O-O g6 9. Qe1 Qc7 10. Bg5 Bg7 11. Qd2 O-O 12. Rad1 a5 13. b3 Bb7 14. Qf4 Nh5 15. Qe3 Rad8 16. Rfe1 Nf6 17. h3 Rfe8 18. Bf4 Nd7 19. Na4 Be5 20. Bg5 Bf6 21. Bxf6 Nxf6 22. e5 Nd5 23. Qg3 dxe5 24. Qxe5 Qxe5 25. Rxe5 e6 26. Nc5 Bc8 27. a3 Kf8 28. Bf1 Nc3 29. Rd3 Rd5 30. Rexd5 Nxd5 31. c4 Ne7 32. Rd6 Kg7 33. Be2 g5 34. Bf3 Rg8 35. Bxc6 Nxc6 36. Rxc6 Rd8 37. b4 axb4 38. axb4 e5 39. b5 Bf5 40. g4 Bg6 41. b6 Rd1+ 42. Kg2 Rb1 43. b7 e4 44. Rc8 e3 45. b8=Q 1-0


[Site "https://www.chess.com"]

[Event "Titled Tuesday Blitz April 12 Late 2022"]
[White "Sarana, Alexey"]
[Black "Lashkin, Jegor"]
[WhiteFideId "24133795"]
[BlackFideId "13907808"]
[WhiteElo "2666"]
[BlackElo "2368"]
[Result "0-1"]
[Round "04"]
[TimeControl "180+1"]
[Date "2022.04.12"]
[WhiteClock "0:00:09"]
[BlackClock "0:00:11"]

1. d4 Nf6 2. c4 e6 3. Nc3 Bb4 4. Qc2 d5 5. a3 Bxc3+ 6. Qxc3 O-O 7. Bg5 dxc4 8. Qxc4 b6 9. Rd1 Ba6 10. Qa4 h6 11. Bh4 Qe7 12. Nf3 Rd8 13. Ne5 c5 14. Ng4 b5 15. Qa5 cxd4 16. f3 b4 17. axb4 Rd5 18. Qa3 g5 19. Nxf6+ Qxf6 20. Bf2 Bb5 21. e4 dxe3 22. Rxd5 exf2+ 23. Kxf2 exd5 24. Bxb5 Qb6+ 25. Qe3 Qxb5 26. h4 Qb6 27. hxg5 Qxe3+ 28. Kxe3 hxg5 29. Rd1 Nc6 30. Rxd5 Re8+ 31. Kf2 Re5 32. Rd7 Re7 33. Rd5 Re5 34. Rd7 Nxb4 35. Rxa7 Nd3+ 36. Kg3 Nxb2 37. Rd7 Nc4 38. Rd4 Ne3 39. Kf2 Nd5 40. g3 Kg7 41. Kg2 Ne7 42. Kh3 Re3 43. Kg4 Kg6 44. Rd6+ Re6 45. Rd3 Ng8 46. Kh3 Nf6 47. Ra3 Re5 48. Rb3 Rd5 49. Ra3 Nd7 50. Ra6+ Kg7 51. Kg4 Nc5 52. Ra5 Kg6 53. f4 f5+ 54. Kh3 gxf4 55. gxf4 Kh5 56. Kg3 Rd3+ 57. Kf2 Rc3 58. Ke2 Kg4 59. Kd2 Nb3+ 60. Kxc3 Nxa5 61. Kd4 Kxf4 62. Kd3 Nc6 63. Ke2 Ke4 64. Kf1 f4 65. Kg1 Ke3 66. Kh1 Kf2 67. Kh2 f3 68. Kh1 Ke2 69. Kg1 f2+ 70. Kh2 f1=Q 0-1


[Site "https://www.chess.com"]

[Event "Titled Tuesday Blitz April 12 Late 2022"]
[White "Savchenko, Boris"]
[Black "Paravyan, David"]
[WhiteFideId "4147332"]
[BlackFideId "4194985"]
[WhiteElo "2557"]
[BlackElo "2569"]
[Result "0-1"]
[Round "04"]
[TimeControl "180+1"]
[Date "2022.04.12"]
[WhiteClock "0:00:03"]
[BlackClock "0:00:11"]

1. d4 Nf6 2. Bf4 g6 3. Nf3 Bg7 4. e3 d6 5. a4 Nh5 6. Bg5 h6 7. Bh4 c5 8. c3 O-O 9. Bd3 cxd4 10. cxd4 Nc6 11. Nc3 Nb4 12. Be4 Nf6 13. Bxf6 Bxf6 14. Bxg6 fxg6 15. Qb3+ Kh7 16. Qxb4 b6 17. O-O Bb7 18. e4 Bg7 19. a5 Bc6 20. a6 Rc8 21. d5 Bd7 22. Nd4 Rc5 23. Rfc1 Qc7 24. Nce2 Rc8 25. Rd1 Rc4 26. Qd2 Bg4 27. f3 Bd7 28. b3 Rc5 29. Rac1 b5 30. b4 Rc4 31. Rxc4 bxc4 32. Kh1 c3 33. Qc2 Qc4 34. Nc6 Bxc6 35. dxc6 Qxb4 36. h4 Qb2 37. Rc1 Qxc2 38. Rxc2 Rxc6 39. Kg1 Rxa6 40. Kf2 Rb6 41. Ke3 Rb2 42. Rc1 a5 43. Kd3 a4 44. g4 g5 45. hxg5 hxg5 46. f4 gxf4 47. Nxf4 a3 48. Ne6 Be5 49. g5 a2 50. Rf1 Rb1 51. Rf7+ Kg6 52. Rf5 a1=Q 53. Nf8+ Kh5 54. g6+ Kg4 0-1


[Site "https://www.chess.com"]

[Event "Titled Tuesday Blitz April 12 Late 2022"]
[White "Schekachikhin, Maksim"]
[Black "Song, Michael"]
[WhiteFideId "24177830"]
[BlackFideId "2613190"]
[WhiteElo "2230"]
[BlackElo "2274"]
[Result "0-1"]
[Round "04"]
[TimeControl "180+1"]
[Date "2022.04.13"]
[WhiteClock "0:01:06"]
[BlackClock "0:00:13"]

1. d4 d6 2. e4 Nf6 3. Nc3 c6 4. Bd3 e5 5. Nge2 b5 6. O-O Nbd7 7. Be3 a5 8. h3 b4 9. Nb1 d5 10. exd5 Nxd5 11. Bd2 Bd6 12. c4 bxc3 13. Nbxc3 O-O 14. Nxd5 cxd5 15. dxe5 Nxe5 16. Bc3 Re8 17. Re1 Bxh3 18. Bxe5 Rxe5 19. gxh3 Qh4 20. Ng3 Rg5 21. Re3 Bxg3 22. Rxg3 Rxg3+ 23. fxg3 Qxg3+ 24. Kf1 Qxh3+ 25. Ke2 Qg2+ 26. Ke3 Re8+ 27. Kd4 Qxb2+ 28. Kxd5 Qe5+ 29. Kc4 Rc8+ 30. Kb3 Qc3+ 31. Ka4 Qb4# 0-1


[Site "https://www.chess.com"]

[Event "Titled Tuesday Blitz April 12 Late 2022"]
[White "Seo, Jung Min"]
[Black "Mortazavi, Ali"]
[WhiteFideId "1734687"]
[BlackFideId "401323"]
[WhiteElo "2692"]
[BlackElo "2496"]
[Result "0-1"]
[Round "04"]
[TimeControl "180+1"]
[Date "2022.04.13"]
[WhiteClock "0:00:41"]
[BlackClock "0:00:34"]

1. d4 Nf6 2. c4 g6 3. Nc3 Bg7 4. e4 O-O 5. Nf3 d6 6. Be2 Bg4 7. d5 Nbd7 8. h3 Bxf3 9. Bxf3 e5 10. O-O Ne8 11. Rb1 a5 12. a3 f5 13. b4 b6 14. Qd3 Kh8 15. Bd1 Nef6 16. Bd2 Ng8 17. Rc1 axb4 18. axb4 Ra3 19. Qb1 Ra8 20. Bc2 Qf6 21. Kh1 Bh6 22. Bxh6 Nxh6 23. Nb5 Rac8 24. Rce1 Qh4 25. Bd1 Nf6 26. exf5 gxf5 27. Qd3 Rg8 28. Be2 Ne4 29. Qe3 Rg7 30. Bd3 Ng4 31. Qf3 Ngxf2+ 32. Kh2 Rcg8 33. Rg1 Rg3 34. Qxf5 Rxd3 35. Nxc7 Qg3# 0-1


[Site "https://www.chess.com"]

[Event "Titled Tuesday Blitz April 12 Late 2022"]
[White "Sernecki, Franciszek"]
[Black "Quesada Perez, Yuniesky"]
[WhiteFideId "1169297"]
[BlackFideId "3504409"]
[WhiteElo "2165"]
[BlackElo "2622"]
[Result "0-1"]
[Round "04"]
[TimeControl "180+1"]
[Date "2022.04.13"]
[WhiteClock "0:00:02"]
[BlackClock "0:00:33"]

1. d4 d5 2. c4 c6 3. Nc3 Nf6 4. e3 e6 5. Nf3 Nbd7 6. Bd3 dxc4 7. Bxc4 b5 8. Bd3 Bd6 9. O-O Bb7 10. Qc2 O-O 11. Ng5 h6 12. Nge4 Be7 13. Rd1 Rc8 14. Nxf6+ Nxf6 15. Qe2 Qb6 16. e4 Rfd8 17. e5 Nh7 18. Be3 c5 19. Nxb5 c4 20. Bxh7+ Kxh7 21. Nc3 Qc6 22. f3 Kg8 23. Ne4 Qd5 24. Nc3 Qa5 25. Rac1 Bb4 26. a3 Be7 27. Qf2 Bd5 28. Ne4 Rb8 29. Qg3 Kf8 30. Rc2 c3 31. Rxc3 Rxb2 32. Rcd3 Qa4 33. Bxh6 gxh6 34. Nf6 Bxa3 35. Rc3 Qxd1+ 0-1


[Site "https://www.chess.com"]

[Event "Titled Tuesday Blitz April 12 Late 2022"]
[White "Simonovic, Miroslav"]
[Black "Vovk, Orest"]
[WhiteFideId "919152"]
[BlackFideId "14113490"]
[WhiteElo "2043"]
[BlackElo "2203"]
[Result "1-0"]
[Round "04"]
[TimeControl "180+1"]
[Date "2022.04.13"]
[WhiteClock "0:00:21"]
[BlackClock "0:00:51"]

1. d4 e5 2. dxe5 Nc6 3. Nf3 Qe7 4. g3 Nxe5 5. Nxe5 Qxe5 6. Bg2 Nf6 7. O-O Bc5 8. c3 d6 9. Bf4 Qh5 10. Nd2 O-O 11. Nf3 Bh3 12. Qd2 Ng4 13. e3 a6 14. Rad1 Rae8 15. Qd5 Qxd5 16. Rxd5 Bxg2 17. Kxg2 Nf6 18. Rd3 Ne4 19. h4 h6 20. Nd2 Nxd2 21. Rxd2 Re4 22. Rfd1 Rfe8 23. Kf3 f6 24. g4 g5 25. hxg5 hxg5 26. Bg3 Kg7 27. Rh1 Kg6 28. Rd3 a5 29. b3 b5 30. Rh2 b4 31. c4 a4 32. Rh1 axb3 33. axb3 R4e7 34. Ra1 Rh8 35. Rdd1 Rh3 36. Kg2 Rh8 37. Rh1 Rxh1 38. Rxh1 c6 39. Ra1 Kf7 40. Ra6 Rc7 41. Ra5 Rc8 42. Kf3 Ke6 43. Ra6 d5 44. cxd5+ Kxd5 45. Ra5 Rh8 46. Kg2 Re8 47. Kf3 Re7 48. Bb8 Rb7 49. Bg3 Ra7 50. Rxa7 Bxa7 51. Bc7 c5 52. Bd8 Ke6 53. Ke4 Bb8 54. Kd3 f5 55. f3 fxg4 56. fxg4 Kd5 57. Bxg5 c4+ 58. bxc4+ Kc6 59. Bf4 Ba7 60. g5 Kd7 61. g6 Ke6 62. g7 Kf7 63. Be5 Bc5 64. Bd4 Be7 65. Kc2 Bd6 66. Kb3 Be7 67. c5 Bg5 68. Kxb4 Bxe3 69. Bxe3 1-0


[Site "https://www.chess.com"]

[Event "Titled Tuesday Blitz April 12 Late 2022"]
[White "Sjugirov, Sanan"]
[Black "Lin, Dachey"]
[WhiteFideId "4189302"]
[BlackFideId "2029650"]
[WhiteElo "2602"]
[BlackElo "2313"]
[Result "0-1"]
[Round "04"]
[TimeControl "180+1"]
[Date "2022.04.12"]
[WhiteClock "0:00:03"]
[BlackClock "0:00:06"]

1. e4 g6 2. d4 Bg7 3. Nc3 d5 4. exd5 Nf6 5. Bc4 Nbd7 6. Bb3 Nb6 7. Nf3 O-O 8. O-O Nbxd5 9. Nxd5 Nxd5 10. h3 c6 11. Re1 a5 12. a4 Be6 13. Rxe6 fxe6 14. Qe2 Qd7 15. c3 Rf5 16. Bc2 Rf6 17. Ne5 Qc7 18. Ng4 Rf7 19. Qxe6 Qd6 20. Qe2 Raf8 21. f3 Qg3 22. Kh1 e5 23. dxe5 Re8 24. Bd2 Rxe5 25. Be4 Re8 26. Be1 Qc7 27. Qc2 Nf6 28. Nxf6+ Bxf6 29. Bf2 Kg7 30. Rd1 Rd7 31. Re1 Red8 32. Be3 Qg3 33. Bf2 Qf4 34. Be3 Qg3 35. Bf2 Qg5 36. Be3 Qh5 37. Qe2 Be5 38. Rf1 Bc7 39. Qf2 Be5 40. Qe2 Bf6 41. Qf2 Re7 42. Qe2 Qh4 43. Bf2 Qg5 44. Bg1 Red7 45. Qf2 Rd2 46. f4 Rxf2 47. Rxf2 Qg3 48. Rf3 Qe1 49. Bc2 Rd2 50. Bb3 Rxb2 0-1


[Site "https://www.chess.com"]

[Event "Titled Tuesday Blitz April 12 Late 2022"]
[White "Sochacki, Christophe"]
[Black "Nozdrachev, Leonid"]
[WhiteFideId "662569"]
[BlackFideId "24113433"]
[WhiteElo "2480"]
[BlackElo "2242"]
[Result "1-0"]
[Round "04"]
[TimeControl "180+1"]
[Date "2022.04.13"]
[WhiteClock "0:00:30"]
[BlackClock "0:00:10"]

1. e4 d6 2. d4 Nf6 3. Nc3 e5 4. f4 exd4 5. Qxd4 Nc6 6. Bb5 g6 7. e5 dxe5 8. Qxd8+ Kxd8 9. Bxc6 bxc6 10. fxe5 Ng4 11. Nf3 Ba6 12. h3 Nh6 13. Bg5+ Kc8 14. Bf6 Rg8 15. O-O-O Nf5 16. g4 Bh6+ 17. Kb1 Ne3 18. Rde1 Nc4 19. Re4 Rb8 20. b3 Bd2 21. Rxc4 Bxc4 22. Nxd2 Be6 23. Nde4 h5 24. Nc5 hxg4 25. Nxe6 fxe6 26. hxg4 g5 27. Ne4 Rb4 28. c4 a5 29. Kb2 a4 30. Kc3 Rb8 31. Rh7 axb3 32. axb3 Ra8 33. Nxg5 Ra1 34. Nxe6 Rxg4 35. Rxc7+ Kb8 36. Rxc6 Rc1+ 37. Kb4 Rb1 38. Nc5 Rf4 39. e6 Rxf6 40. Nd7+ Kb7 41. Nxf6 Re1 42. e7 Rxe7 43. Rb6+ Ka7 44. Nd5 Re2 45. Kc5 Rh2 46. b4 Rh4 47. b5 Rg4 48. Re6 Rh4 49. Re7+ Ka8 50. b6 Rg4 51. Nc7+ Kb7 52. Na6+ Kc8 53. b7+ Kd8 54. b8=Q+ 1-0


[Site "https://www.chess.com"]

[Event "Titled Tuesday Blitz April 12 Late 2022"]
[White "Sokolovsky, Yahli"]
[Black "Pranav, V"]
[WhiteFideId "2820242"]
[BlackFideId "25060783"]
[WhiteElo "1770"]
[BlackElo "2349"]
[Result "0-1"]
[Round "04"]
[TimeControl "180+1"]
[Date "2022.04.12"]
[WhiteClock "0:00:06"]
[BlackClock "0:00:18"]

1. b3 e5 2. Bb2 Nc6 3. e3 g6 4. f4 Bg7 5. Nf3 d6 6. Bb5 Ne7 7. fxe5 O-O 8. O-O dxe5 9. d3 Nf5 10. Qe1 Re8 11. Bxc6 bxc6 12. e4 Nd6 13. Nbd2 a5 14. a4 Rb8 15. Ba3 f5 16. Qe2 Be6 17. Bb2 Bf7 18. Bc3 Ra8 19. Rae1 f4 20. h3 g5 21. g4 h5 22. Qg2 hxg4 23. hxg4 Be6 24. Nh2 Qe7 25. Qf2 Nf7 26. Ndf3 Bd7 27. Kh1 Bf6 28. Rg1 Kg7 29. Rg2 Rh8 30. Kg1 Rh3 31. Kf1 Rah8 32. Ke2 Qa3 33. Bxa5 Qb2 34. Kd2 Qa3 35. Bc3 Qd6 36. Kc1 Be6 37. Qa7 c5 38. Qa5 Rb8 39. Bb2 Be7 40. Qc3 Bf6 41. Ba3 Rb4 42. Bxb4 cxb4 43. Qd2 Nd8 44. Kb1 Nc6 45. Qf2 Be7 46. Nd2 Nd4 47. Nhf3 Nxf3 48. Nxf3 Bxb3 49. cxb3 Qxd3+ 50. Ka2 Rxf3 51. Qc2 Qd7 52. Rd1 Bd6 53. Qc4 Rc3 54. Qd5 Qe8 55. Rd3 Rc5 56. Qb7 Qf7 57. Qa6 Qg6 58. Qb7 Ra5 59. Qc6 Qf7 60. Qc4 Rxa4+ 61. Kb2 Qxc4 62. bxc4 Kf6 63. Rc2 Bc5 64. Rd5 Ra5 65. Rd3 Bd4+ 66. Rxd4 exd4 67. Kb3 Ke5 68. Kxb4 Ra8 69. Kc5 Kxe4 70. Kc6 f3 71. Kxc7 d3 72. Rb2 Ke3 73. c5 f2 74. Rb1 Rf8 75. Kb7 f1=Q 0-1


[Site "https://www.chess.com"]

[Event "Titled Tuesday Blitz April 12 Late 2022"]
[White "Suder, Jakub"]
[Black "Matlakov, Maxim"]
[WhiteFideId "1195310"]
[BlackFideId "4168003"]
[WhiteElo "2058"]
[BlackElo "2669"]
[Result "0-1"]
[Round "04"]
[TimeControl "180+1"]
[Date "2022.04.12"]
[WhiteClock "0:01:49"]
[BlackClock "0:02:18"]

1. d4 d5 2. c4 c6 3. cxd5 cxd5 4. Bg5 Nc6 5. Nc3 h6 6. Bh4 Bf5 7. e3 Qb6 8. Qd2 e6 9. Rc1 Be7 10. Bxe7 Ngxe7 11. Nf3 O-O 12. Be2 Rfc8 13. O-O Na5 14. Na4 Qd8 15. b3 Nac6 16. Bd3 Rc7 17. Bxf5 Nxf5 18. Nc5 Nd6 19. Rc2 Rac8 20. Rfc1 a5 21. h3 Nb4 22. Rb2 b6 23. Nd3 Nxd3 24. Rxc7 Qxc7 25. Rb1 Qc2 0-1


[Site "https://www.chess.com"]

[Event "Titled Tuesday Blitz April 12 Late 2022"]
[White "Svane, Frederik"]
[Black "Yedidia, Daniel"]
[WhiteFideId "12923044"]
[BlackFideId "30905907"]
[WhiteElo "2459"]
[BlackElo "2613"]
[Result "1-0"]
[Round "04"]
[TimeControl "180+1"]
[Date "2022.04.12"]
[WhiteClock "0:00:46"]
[BlackClock "0:00:02"]

1. e4 e5 2. Nf3 Nc6 3. Bb5 a6 4. Ba4 Nf6 5. Nc3 b5 6. Bb3 Be7 7. d3 O-O 8. O-O d6 9. a3 Bg4 10. Be3 Qd7 11. h3 Bh5 12. Nd5 Nxd5 13. Bxd5 Rad8 14. g4 Bg6 15. a4 b4 16. a5 Bf6 17. c3 bxc3 18. bxc3 Ne7 19. Bb3 h6 20. Ba4 Qc8 21. c4 c6 22. Rc1 Qe6 23. Qe2 d5 24. Bc5 Bh7 25. Bxe7 Bxe7 26. cxd5 cxd5 27. Bb3 h5 28. Bxd5 Qf6 29. Nd2 hxg4 30. hxg4 Rd6 31. Nc4 Rdd8 32. Kg2 Bc5 33. Rh1 Bd4 34. Rh3 Rxd5 35. exd5 Qg6 36. Rch1 f5 37. Rxh7 fxg4 38. Rh8+ 1-0


[Site "https://www.chess.com"]

[Event "Titled Tuesday Blitz April 12 Late 2022"]
[White "Swicarz, Maciej"]
[Black "Curtis, John"]
[WhiteFideId "1113585"]
[BlackFideId "3200256"]
[WhiteElo "2057"]
[BlackElo "2203"]
[Result "1-0"]
[Round "04"]
[TimeControl "180+1"]
[Date "2022.04.13"]
[WhiteClock "0:00:44"]
[BlackClock "0:00:03"]

1. e4 e6 2. d4 d5 3. e5 c5 4. Qg4 cxd4 5. Bd3 Nc6 6. Nf3 Nb4 7. O-O Nxd3 8. cxd3 Ne7 9. Nxd4 Nc6 10. Nf3 b6 11. Nc3 Qd7 12. a3 Ba6 13. Rd1 h6 14. b4 Bb7 15. h4 O-O-O 16. Bf4 f5 17. exf6 gxf6 18. Rac1 e5 19. Qxd7+ Rxd7 20. Bg3 Kb8 21. d4 Ka8 22. dxe5 fxe5 23. Nxe5 Nxe5 24. Bxe5 Rg8 25. Nb5 a6 26. Nc7+ Ka7 27. Ne6 Bd6 28. Bxd6 Rxd6 29. Nd4 Rdg6 30. g3 R6g7 31. Nf5 Rh7 32. Rd4 h5 33. Nd6 Rd8 34. Nf5 Rf7 35. Ne3 Rdf8 36. Rc2 Rd7 37. Rcd2 Rfd8 38. Ng2 Bc6 39. Nf4 Rh7 40. R4d3 Kb7 41. Nxd5 Rhd7 42. Nf4 Rxd3 43. Rxd3 Rxd3 44. Nxd3 Be4 45. Ne5 Kc7 46. f4 Kd6 47. Kf2 Kd5 48. Ke3 Bf5 49. Nf7 a5 50. bxa5 bxa5 51. Ne5 Kc5 52. Kd2 Kb5 53. Kc3 Kc5 54. Nc4 a4 55. Nb2 Bd7 56. Kd3 Kd5 57. Ke3 Kc5 58. Ke4 Kd6 59. f5 Ke7 60. Ke5 Kf7 61. Nc4 Bb5 62. Nd6+ Kg7 63. Nxb5 1-0


[Site "https://www.chess.com"]

[Event "Titled Tuesday Blitz April 12 Late 2022"]
[White "Tanenbaum, Zachary"]
[Black "Ozdemir, Serhan Berat"]
[WhiteFideId "2060850"]
[BlackFideId "6374611"]
[WhiteElo "2168"]
[BlackElo "1920"]
[Result "0-1"]
[Round "04"]
[TimeControl "180+1"]
[Date "2022.04.13"]
[WhiteClock "0:00:50"]
[BlackClock "0:00:07"]

1. e4 c5 2. Nf3 e6 3. d4 cxd4 4. Nxd4 a6 5. Bd3 Bc5 6. Nb3 Ba7 7. O-O Nc6 8. Qg4 Nf6 9. Qxg7 Rg8 10. Qh6 Rg6 11. Qh3 Ne5 12. Be3 Bxe3 13. Qxe3 Nfg4 14. Qe2 Qh4 15. h3 Nf6 16. f4 Nxd3 17. Qxd3 Rg3 18. Rf3 Rxf3 19. Qxf3 Qe1+ 20. Qf1 Qe3+ 21. Qf2 Qxf2+ 22. Kxf2 Nxe4+ 23. Ke3 d5 24. N1d2 Nxd2 25. Nxd2 Bd7 26. c4 dxc4 27. Nxc4 Ke7 28. Nb6 Rd8 29. Rc1 Bc6 30. g4 h5 31. g5 f6 32. h4 fxg5 33. fxg5 Rf8 34. Nc4 Rf3+ 35. Ke2 Rf4 36. Ne5 Re4+ 37. Kd3 Rxe5 38. Rg1 Rf5 39. Kd4 Rf4+ 40. Kc5 Rxh4 41. g6 Kf8 42. Kd6 Rg4 43. Rf1+ Kg7 44. Kxe6 Kxg6 45. Kd6 h4 46. b4 h3 47. a3 h2 48. Kc7 h1=Q 0-1


[Site "https://www.chess.com"]

[Event "Titled Tuesday Blitz April 12 Late 2022"]
[White "Tillyaev, Ulugbek"]
[Black "Narayanan.S.L"]
[WhiteFideId "14202441"]
[BlackFideId "5058422"]
[WhiteElo "2377"]
[BlackElo "2494"]
[Result "1-0"]
[Round "04"]
[TimeControl "180+1"]
[Date "2022.04.12"]
[WhiteClock "0:01:15"]
[BlackClock "0:02:04"]

1. e4 g6 2. d4 Bg7 3. Nc3 c6 4. f4 d5 5. e5 Nh6 6. Nf3 Bg4 7. Be3 f6 8. h3 Bxf3 9. Qxf3 O-O 10. Qe2 Nd7 11. O-O-O b5 12. g4 Nb6 13. Kb1 Nc4 14. Bc1 Qa5 15. Qd3 fxe5 16. fxe5 e6 17. Be2 b4 18. Ne4 Nxb2 19. Bxb2 dxe4 20. Qxe4 Kh8 21. Bc4 Nf7 22. h4 c5 23. h5 g5 24. Bd3 1-0


[Site "https://www.chess.com"]

[Event "Titled Tuesday Blitz April 12 Late 2022"]
[White "Tregubov, Pavel V."]
[Black "Foisor, Sabina-Francesca"]
[WhiteFideId "4115341"]
[BlackFideId "1212915"]
[WhiteElo "2341"]
[BlackElo "2243"]
[Result "1-0"]
[Round "04"]
[TimeControl "180+1"]
[Date "2022.04.13"]
[WhiteClock "0:00:24"]
[BlackClock "0:00:12"]

1. e4 c6 2. Nf3 d5 3. Nc3 g6 4. d4 Bg7 5. h3 Nf6 6. Bd3 dxe4 7. Nxe4 O-O 8. O-O Nxe4 9. Bxe4 Nd7 10. Re1 Nf6 11. Bd3 Qc7 12. Qe2 e6 13. Ne5 Nd5 14. c4 Nb4 15. Bb1 c5 16. Bf4 Qe7 17. a3 Nc6 18. Nxc6 bxc6 19. dxc5 Qxc5 20. Be4 Bb7 21. b4 Qe7 22. Rad1 Rad8 23. c5 e5 24. Bc1 f5 25. Bc2 Kh8 26. Rxd8 Rxd8 27. Rd1 Bc8 28. Bb3 Bf6 29. Rxd8+ Qxd8 30. Qc4 Kg7 31. Qf7+ Kh8 32. Bh6 Bd7 33. a4 a6 34. Bc4 e4 35. Bxa6 Qe7 36. Bc4 Qxf7 37. Bxf7 Bc3 38. b5 cxb5 39. axb5 Bxb5 40. Bd5 Bd4 41. c6 Be5 42. Bg5 Bc7 43. Bf6# 1-0


[Site "https://www.chess.com"]

[Event "Titled Tuesday Blitz April 12 Late 2022"]
[White "Urazayev, Arystanbek"]
[Black "Djokic, Mihailo"]
[WhiteFideId "13709810"]
[BlackFideId "976440"]
[WhiteElo "2422"]
[BlackElo "2202"]
[Result "0-1"]
[Round "04"]
[TimeControl "180+1"]
[Date "2022.04.12"]
[WhiteClock "0:00:13"]
[BlackClock "0:00:09"]

1. d4 Nf6 2. c4 g6 3. Nc3 d6 4. e4 Bg7 5. Be2 O-O 6. Be3 e5 7. d5 c6 8. h4 cxd5 9. cxd5 h5 10. Nh3 Ng4 11. Bxg4 Bxg4 12. f3 Bd7 13. Ng5 b5 14. Qd2 b4 15. Ne2 a5 16. O-O Bb5 17. Rfc1 Nd7 18. a4 Ba6 19. Rc6 Nf6 20. Rac1 Ne8 21. Bb6 Qd7 22. Bxa5 Bxe2 23. Bxb4 Rxa4 24. b3 Qa7+ 25. Bc5 Ra2 26. Qxe2 dxc5 27. Qe3 Nf6 28. Qxc5 Qxc5+ 29. R6xc5 Rb2 30. R5c3 Ne8 31. Ra1 Nd6 32. Ra5 Bf6 33. Rc6 Bd8 34. Ra7 Nb5 35. Rd7 Nd4 36. Rcd6 Bxg5 37. hxg5 Rxb3 38. Ra6 h4 39. Re7 h3 40. d6 Rb2 41. gxh3 Nxf3+ 42. Kf1 Nxg5 43. d7 Ne6 44. Rd6 Nd8 45. Re8 Rb8 46. Rxe5 Ne6 47. Ra5 Rfd8 48. Ra7 Kf8 49. Rd2 Ke7 50. Kf2 Rb4 51. Kf3 Ng5+ 52. Kf4 Nxh3+ 53. Ke5 Ng5 54. Kd5 Ne6 55. Kc6 Rc4+ 56. Kb5 Rc5+ 57. Kb6 Re5 58. Rd3 Rxe4 59. Rd1 Re5 60. Kc6 Rc5+ 61. Kb6 Re5 62. Kc6 g5 63. Ra4 f5 64. Rh1 Nf8 65. Rh5 g4 66. Rxg4 Re6+ 67. Kd5 fxg4 68. Rg5 Rxd7+ 69. Kc5 Rc7+ 70. Kb5 Rd7 71. Kc5 Rf6 72. Rg7+ Rf7 73. Rxg4 Ne6+ 74. Kb5 Rf4 75. Rg8 Rf5+ 76. Kc6 Rd6+ 77. Kb7 Rb5+ 78. Ka7 Rd7+ 79. Ka6 Nc7+ 80. Ka7 Nd5+ 81. Ka6 Rb6+ 82. Ka5 Ra7# 0-1


[Site "https://www.chess.com"]

[Event "Titled Tuesday Blitz April 12 Late 2022"]
[White "Van Foreest, Jorden"]
[Black "Petrovskyi, Vadym"]
[WhiteFideId "1039784"]
[BlackFideId "14165210"]
[WhiteElo "2609"]
[BlackElo "2400"]
[Result "1/2-1/2"]
[Round "04"]
[TimeControl "180+1"]
[Date "2022.04.12"]
[WhiteClock "0:00:15"]
[BlackClock "0:00:26"]

1. Nf3 Nf6 2. d4 g6 3. Bg5 Bg7 4. Nbd2 d5 5. c3 O-O 6. e3 b6 7. Be2 Bb7 8. O-O c5 9. a4 Nbd7 10. a5 Re8 11. a6 Bc6 12. b4 c4 13. h3 b5 14. Bf4 h6 15. Ne5 Nxe5 16. Bxe5 Ne4 17. Nxe4 dxe4 18. Bg3 Bd5 19. Qc2 Qd7 20. f3 Qc6 21. fxe4 Bxe4 22. Bf3 Bxf3 23. Rxf3 e5 24. Qf2 f5 25. Bxe5 Bxe5 26. dxe5 Rxe5 27. Rd1 Rae8 28. Qh4 Kg7 29. Kh1 R8e7 30. Ra1 Qd6 31. Qd4 Qxd4 32. exd4 Re1+ 33. Rf1 Rxf1+ 34. Rxf1 Re3 35. Ra1 Rxc3 36. Ra5 Rd3 37. Rxb5 Rxd4 38. Rb7+ Kf6 39. Rxa7 c3 40. Rc7 Rxb4 41. Rxc3 Ra4 42. Rc6+ Kg5 43. Kg1 h5 44. Kf2 Ra3 45. g3 h4 46. gxh4+ Kxh4 47. Rxg6 Kxh3 48. Ke2 f4 49. Kd2 Kh4 50. Kc2 f3 51. Kd2 f2 52. Rf6 Kg3 53. Rg6+ Kf3 54. Rf6+ Kg2 55. Rg6+ Kf1 56. Rf6 Ra2+ 57. Kc3 Rxa6 58. Rxa6 Kg2 59. Rg6+ Kh2 60. Rf6 Kg1 61. Kd2 f1=Q 62. Rxf1+ Kxf1 1/2-1/2


[Site "https://www.chess.com"]

[Event "Titled Tuesday Blitz April 12 Late 2022"]
[White "Volkov, Maksim"]
[Black "Artemiev, Vladislav"]
[WhiteFideId "54123070"]
[BlackFideId "24101605"]
[WhiteElo "2081"]
[BlackElo "2811"]
[Result "0-1"]
[Round "04"]
[TimeControl "180+1"]
[Date "2022.04.12"]
[WhiteClock "0:00:19"]
[BlackClock "0:00:11"]

1. d4 d5 2. c4 e6 3. Nf3 Nf6 4. g3 Bd6 5. Bg2 O-O 6. O-O Nc6 7. cxd5 exd5 8. Nc3 h6 9. b3 Re8 10. Bb2 Bg4 11. Rc1 Qd7 12. Re1 a6 13. e3 Qf5 14. Nh4 Qh5 15. Qc2 Bb4 16. h3 Bd7 17. Bf3 Qg5 18. Bg2 Bxc3 19. Bxc3 Ne4 20. Bb2 Qf6 21. Qe2 Nb4 22. Rxc7 Bb5 23. Qf3 Qxf3 24. Bxf3 Nd3 25. Re2 Rac8 26. Rxb7 Ndxf2 27. Rxf2 Nxf2 28. Bxd5 Nxh3+ 29. Kg2 Ng5 30. Ba3 Rc2+ 31. Kh1 Rxe3 32. Ng2 Rxg3 33. Bd6 Rh3+ 34. Kg1 Nf3+ 35. Bxf3 Rxf3 36. d5 Rf1+ 37. Kh2 Rff2 38. Kh3 Rxg2 39. Be5 Bd3 0-1


[Site "https://www.chess.com"]